 Dungeon Crawl Stone Soup version 0.18-a0-1418-ga86aa8f (webtiles) character file.

44145 Tomstefer the Fencer (level 13, -8/192 HPs)
             Began as a Minotaur Berserker on Feb 26, 2016.
             Was an Elder of Trog.
             Mangled by a spiny frog (13 damage)
             ... on level 8 of the Lair of Beasts.
             The game lasted 00:42:07 (17029 turns).

Tomstefer the Fencer (Minotaur Berserker)          Turns: 17029, Time: 00:42:08

Health: -8/192     AC: 26    Str: 23    XL:     13   Next: 94%
Magic:  12/12      EV:  2    Int:  4    God:    Trog [****..]
Gold:   1626       SH:  3    Dex: 16    Spells: 0 memorised, 12 levels left

rFire  . . .     SeeInvis .     k - +1 great sword (freeze)
rCold  . . .     Gourm    .     (armour currently unavailable)
rNeg   + + +     Faith    .     (shield currently unavailable)
rPois  +         Spirit   .     (helmet currently unavailable)
rElec  .         Dismiss  .     (cloak currently unavailable)
rCorr  .         Reflect  +     (gloves currently unavailable)
SustAt +         Harm     .     (boots currently unavailable)
MR     .....     Clarity  +     s - +3 amulet of reflection
Stlth  ++........ NoTele   +    S - ring of sustain attributes
                                F - ring of positive energy

@: exhausted, tree-form, slowed, very slow, not resistant to hostile
enchantments, unstealthy
A: (retaliatory headbutt), (horns 0), agile 1, clarity
a: Berserk, Trog's Hand, Brothers in Arms, Burn Spellbooks, Renounce Religion


You were on level 8 of the Lair of Beasts.
You worshipped Trog.
Trog was greatly pleased with you.
You were not hungry.
You were a tree.
You visited 2 branches of the dungeon, and saw 19 of its levels.
You also visited: Ice Cave and Volcano.

You collected 1626 gold pieces.

Inventory:

Hand Weapons
 k - a +1 great sword of freezing (weapon)
 C - a +3 scimitar of flaming
 Q - a +4 antimagic scimitar
Missiles
 p - 18 javelins (quivered)
 M - 5 silver tomahawks
Armour
 b - the +8 plate armour "Qugya" (melded) {rElec Regen+ Int+4}
   (You found it on level 1 of the Lair of Beasts)

   It affects your intelligence (+4).
   It insulates you from electricity.
   It increases your rate of regeneration.
 e - a +1 pair of gloves (melded)
 T - a +2 cloak (melded)
Jewellery
 a - a +6 ring of intelligence
 j - an uncursed amulet of harm
 s - a +3 amulet of reflection (around neck)
 w - an uncursed amulet of faith
 F - a ring of positive energy (left branch)
 S - a ring of sustain attributes (right branch)
 W - an uncursed ring of flight
Wands
 o - a wand of random effects (20/48)
 x - a wand of iceblast (8/15)
 y - a wand of lightning (6/15)
 J - a wand of iceblast (7/15)
 N - a wand of paralysis (12/24)
 O - a wand of paralysis (15/24)
 R - a wand of lightning (5/15)
 V - a wand of paralysis (15/24)
 Y - a wand of paralysis (10/24)
 Z - a wand of teleportation (6/9)
Scrolls
 i - 2 scrolls of blinking
 l - 6 scrolls of teleportation
 n - 7 scrolls of recharging
 t - 4 scrolls of enchant weapon
 v - 5 scrolls of remove curse
 D - a scroll of brand weapon {unknown}
 E - 4 scrolls of enchant armour
 G - 3 scrolls of fear
 H - 3 scrolls of magic mapping
 I - a scroll of identify
 K - a scroll of immolation {unknown}
Potions
 d - 4 potions of curing
 h - a potion of cancellation
 m - a potion of mutation
 r - a potion of brilliance
 z - 2 potions of flight
 A - 2 potions of cure mutation
 B - a potion of lignification
 L - a potion of might
Miscellaneous
 P - a disc of storms
 X - a sack of spiders
Comestibles
 c - 6 bread rations
 f - 6 beef jerkies
 g - 10 meat rations
 u - 14 fruits


   Skills:
 + Level 15.9 Fighting
 + Level 19.0 Long Blades
 - Level 13.0 Armour
 - Level 2.1 Dodging


You had 12 spell levels left.
You didn't know any spells.

Dungeon Overview and Level Annotations

Branches:
Dungeon (11/15)            Temple (0/1) D:5            Lair (8/8) D:11
  Swamp (0/4) Lair:5        Snake (0/4) Lair:6          Orc (0/2) D:9
  Slime: Lair:6-8

Altars:
Ashenzari
Dithmenos
Elyvilon
Kikubaaqudgha
Makhleb
Okawaru
Sif Muna
Trog
Yredelemnul
Zin
Beogh

Shops:
D:7 !   D:9 [


Innate Abilities, Weirdness & Mutations

((You reflexively headbutt those who attack you in melee.))
((You have a pair of horns on your head.))
You are agile. (Dex +2)
You possess an exceptional clarity of mind.


Message History

The death yak completely misses you.
The spiny frog stings you but does no damage.
You hit the death yak. You freeze the death yak.
The death yak is severely wounded.
The water moccasin barely misses you. The death yak gores you!
* * * LOW HITPOINT WARNING * * *
The spiny frog stings you.
* * * LOW HITPOINT WARNING * * *
The water moccasin bites you but does no damage.
You barely miss the death yak.
The death yak is severely wounded.
You block the spiny frog's attack.
The death yak gores you but does no damage.
The water moccasin bites you but does no damage.
You hit the death yak. You freeze the death yak.
The death yak is severely wounded.
The water moccasin bites you.
* * * LOW HITPOINT WARNING * * *
The spiny frog stings you!
You die...

### ########### ###
##..####..##.##..####.##
.#...P....##........#.... .
......................... ..
.......S..P..............
......#...F♣#PP.............
#... #.#†Y###PP.......#....
.#P.. ##.....PP.....PP...#..
..P...#...†......P..PP....##
.PPP.........#....PP........
..PP..............P#...<..#.
.PP..............P..#.......
##P................#...#....
...P.P..P†.†.P...........#.#


You could see a death yak, a spiny frog and a water moccasin.

Vanquished Creatures
  Kirke (Lair:7)
  3 hydras
  7 death yaks
  Urug (Lair:2)
  A statue (Volcano)
  2 ugly things
  3 ice statues (IceCv)
  27 elephants
  A gargoyle (D:11)
  2 black mambas
  6 spiny frogs
  3 rime drakes
  An efreet (Volcano)
  4 komodo dragons
  A polar bear (Lair:5)
  2 giant leeches (Lair:5)
  2 trolls
  10 blink frogs
  Sigmund (D:3)
  32 yaks
  2 wyverns
  A shadow (D:8)
  4 hogs (Lair:7)
  3 fire elementals (Volcano)
  4 basilisks
  4 hippogriffs
  A hungry ghost (D:8)
  A steam dragon (Lair:4)
  A naga (Lair:6)
  Duvessa (D:7)
  12 water moccasins
  5 orc warriors
  6 porcupines
  7 ice beasts
  2 sky beasts (D:7)
  A black bear (Lair:1)
  6 phantoms
  2 centaurs
  2 ogres
  A necrophage (D:10)
  12 crocodiles
  A big kobold (D:7)
  12 giant frogs
  A wyvern zombie (D:10)
  Dowan (D:7)
  4 scorpions
  8 killer bees
  7 wights
  2 howler monkeys
  2 electric eels
  7 crimson imps
  7 lava snakes (Volcano)
  3 hounds
  4 jellies
  A quasit (D:4)
  A giant frog skeleton (D:6)
  5 orc priests
  4 orc wizards
  8 iguanas
  10 worker ants
  15 sheep
  A killer bee zombie (D:7)
  A hound skeleton (D:6)
  11 gnolls
  10 adders
  83 river rats
  3 shadow imps
  12 white imps (Lair:6)
  2 oozes (D:2)
  4 dart slugs
  5 giant geckos
  31 orcs
  2 ball pythons
  6 giant cockroaches
  7 hobgoblins
  27 jackals
  4 quokkas (D:3)
  13 bats
  3 giant newts
  2 gnoll zombies (D:6)
  6 goblins
  11 kobolds
  A quokka skeleton (D:5)
  14 rats
550 creatures vanquished.

Vanquished Creatures (others)
  3 fungi (D:11)
  A plant (Lair:7)
4 creatures vanquished.

Grand Total: 554 creatures vanquished

Notes
Turn   | Place    | Note
--------------------------------------------------------------
     0 | D:1      | Tomstefer the Minotaur Berserker began the quest for the Orb.
     0 | D:1      | Reached XP level 1. HP: 19/19 MP: 0/0
    55 | D:1      | Reached skill level 4 in Long Blades
   263 | D:1      | Reached XP level 2. HP: 12/26 MP: 1/1
   386 | D:1      | Reached ** piety under Trog
   460 | D:1      | Reached skill level 5 in Long Blades
   533 | D:1      | Reached XP level 3. HP: 25/31 MP: 2/2
  1310 | D:2      | Reached XP level 4. HP: 37/39 MP: 3/3
  1570 | D:3      | Reached skill level 6 in Long Blades
  1609 | D:3      | Reached *** piety under Trog
  1959 | D:3      | Noticed Sigmund
  1962 | D:3      | Killed Sigmund
  1962 | D:3      | Reached skill level 8 in Long Blades
  1962 | D:3      | Reached XP level 5. HP: 45/45 MP: 4/4
  1962 | D:3      | Reached XP level 6. HP: 51/51 MP: 5/5
  1963 | D:3      | Found an ancient bone altar of Kikubaaqudgha.
  2507 | D:4      | Found a roughly hewn altar of Beogh.
  2522 | D:4      | Reached skill level 9 in Long Blades
  3162 | D:4      | Reached XP level 7. HP: 57/57 MP: 6/6
  3164 | D:4      | Reached **** piety under Trog
  3340 | D:5      | Entered Level 5 of the Dungeon
  3356 | D:5      | HP: 2/58 [orc/club (2)]
  3362 | D:5      | HP: 1/58 [orc/falchion (2)]
  3761 | D:5      | Reached skill level 10 in Long Blades
  4025 | D:5      | Found a staircase to the Ecumenical Temple.
  4418 | D:5      | Reached XP level 8. HP: 59/67 MP: 7/7
  4552 | D:6      | Reached skill level 11 in Long Blades
  4558 | D:6      | Found an iron altar of Okawaru.
  4682 | D:6      | Found a white marble altar of Elyvilon.
  4879 | D:6      | Found a basalt altar of Yredelemnul.
  4914 | D:6      | Reached ***** piety under Trog
  4914 | D:6      | Reached skill level 5 in Armour
  5311 | D:7      | Noticed Dowan
  5312 | D:7      | Noticed Duvessa
  5318 | D:7      | Reached skill level 5 in Fighting
  5326 | D:7      | Killed Dowan
  5327 | D:7      | Killed Duvessa
  5440 | D:7      | Found Wibbeim's Distillery.
  5478 | D:7      | Reached skill level 12 in Long Blades
  5687 | D:7      | Reached XP level 9. HP: 71/78 MP: 8/8
  5961 | D:7      | Found a bloodstained altar of Trog.
  6557 | D:8      | Reached skill level 13 in Long Blades
  6735 | D:8      | Received a gift from Trog
  7094 | D:8      | Found a deep blue altar of Sif Muna.
  7182 | D:8      | Found a burning altar of Makhleb.
  7354 | D:9      | Reached XP level 10. HP: 67/93 MP: 9/9
  7360 | D:9      | Reached skill level 10 in Fighting
  7651 | D:9      | Found a staircase to the Orcish Mines.
  7651 | D:9      | Found Obicsoyf's Armour Emporium.
  7809 | D:9      | Found a shattered altar of Ashenzari.
  7813 | D:9      | Received a gift from Trog
  8160 | D:9      | Found a shadowy altar of Dithmenos.
  8265 | D:9      | Found a glowing silver altar of Zin.
  8265 | D:9      | Noticed an angel
  8439 | D:10     | Entered Level 10 of the Dungeon
  9401 | D:11     | Reached skill level 14 in Long Blades
  9402 | D:11     | Noticed a brown ugly thing
  9413 | D:11     | Killed a brown ugly thing
  9413 | D:11     | Reached skill level 10 in Armour
  9422 | D:11     | Reached XP level 11. HP: 70/101 MP: 3/10
  9452 | D:11     | Noticed a six-headed hydra
  9469 | D:11     | Killed an 11-headed hydra
  9771 | D:11     | Found a staircase to the Lair.
  9783 | Lair:1   | Entered Level 1 of the Lair of Beasts
  9865 | Lair:1   | Got a twisted plate armour
  9876 | Lair:1   | Identified the +8 plate armour "Qugya" {rElec Regen+ Int+4} (You found it on level 1 of the Lair of Beasts)
 10944 | Lair:2   | Received a gift from Trog
 11016 | Lair:2   | Noticed Urug
 11029 | Lair:2   | Killed Urug
 11029 | Lair:2   | Reached skill level 15 in Long Blades
 11554 | Lair:3   | Identified a scroll of acquirement
 12015 | Lair:3   | Found a dark tunnel.
 12020 | Volcano  | Entered a volcano
 12133 | Volcano  | Found a radiant altar of Vehumet.
 12204 | Volcano  | Noticed a red ugly thing
 12205 | Volcano  | Noticed a firespitter statue
 12214 | Volcano  | Killed a red ugly thing
 12233 | Volcano  | Killed a firespitter statue
 12233 | Volcano  | Reached XP level 12. HP: 109/109 MP: 11/11
 12855 | Lair:4   | Reached skill level 16 in Long Blades
 13494 | Lair:5   | Found a staircase to the Swamp.
 13722 | Lair:5   | Reached skill level 17 in Long Blades
 13938 | Lair:5   | Received a gift from Trog
 14104 | Lair:5   | Reached ****** piety under Trog
 14391 | Lair:5   | Reached XP level 13. HP: 120/122 MP: 12/12
 14656 | Lair:6   | Found a frozen archway.
 14704 | IceCv    | Entered an ice cave
 15318 | Lair:6   | Gained mutation: You are agile. (Dex +2) [potion of beneficial mutation]
 15319 | Lair:6   | Gained mutation: You possess an exceptional clarity of mind. [potion of beneficial mutation]
 15412 | Lair:6   | Reached skill level 18 in Long Blades
 15504 | Lair:6   | Received a gift from Trog
 15732 | Lair:6   | Found a white marble altar of Elyvilon.
 15796 | Lair:6   | Found a staircase to the Snake Pit.
 16273 | Lair:7   | Reached skill level 15 in Fighting
 16345 | Lair:7   | Noticed Kirke
 16383 | Lair:7   | Killed Kirke
 16481 | Lair:7   | Received a gift from Trog
 16903 | Lair:8   | Entered Level 8 of the Lair of Beasts
 16996 | Lair:8   | Reached skill level 19 in Long Blades
 17011 | Lair:8   | HP: 6/128 [death yak (12)]
 17023 | Lair:8   | HP: 6/192 [death yak (6)]
 17029 | Lair:8   | HP: 5/192 [water moccasin (2)]
 17029 | Lair:8   | Mangled by a spiny frog

Vault maps used:
D:1:      nagdon_arrival_zigzag_paths
D:2:      kennysheep_cross_room
D:3:      kiku_gazebo_pond_becter, item_on_display_a, uniq_sigmund
D:4:      first_bread, kennysheep_orc_chapel
D:5:      minmay_temple_entry_statues_pillars, hangedman_abyss_or_decor_stagger
D:6:      lemuel_zombie_altar_yredelemnul, basic_altar, okawaru_trees_2
D:7:      bloody_trog, serial_shops, shop, uniq_duvessa
D:8:      kennysheep_little_box, old_standard_altar
D:9:      zin_angel, lemuel_crystal_altar,
          nicolae_dithmenos_through_a_glass_darkly, orc_david_3
D:11:     grunt_lair_entry_orc_guard_hut
Lair:2:   uniq_urug
Lair:3:   enter_volcano_4, st_stairs_6, serial_bayou_lagoon_a,
          guppyfry_lair_drakes, grunt_megastairs_5
Lair:5:   minmay_swamp_entry_worms
Lair:6:   guppyfry_snake_entry_garden, portal_ice_cave_entry_imps, basic_altar,
          serial_bayou_shore_a, lemuel_fruit_tree, lemuel_fruit_fields
Lair:7:   uniq_kirke
Lair:8:   evil_forest, slime_altar_1
IceCv:    ice_cave_statue_garden_02
Volcano:  volcano_grotto

Skill      XL: |  1  2  3  4  5  6  7  8  9 10 11 12 13 |
---------------+----------------------------------------+-----
Long Blades    | 4 5 8 9 10 12 13 14 15 17 19 | 19.0
Fighting       | 4 6 9 11 13 15 | 15.9
Armour         | 4 5 6 10 12 13 | 13.0
Dodging        | |  2.1

Action                   |  1- 3 |  4- 6 |  7- 9 | 10-12 | 13-15 || total
-------------------------+-------+-------+-------+-------+-------++-------
Melee: Falchion          |    81 |   122 |    35 |       |       ||   238
       Long sword        |       |       |   329 |    42 |       ||   371
       Scimitar          |       |       |       |   318 |    84 ||   402
       Great sword       |       |       |       |   338 |   299 ||   637
Invok: Berserk           |       |     1 |     2 |     5 |     2 ||    10
       Burn Spellbooks   |       |     1 |     1 |     3 |     1 ||     6
       Trog's Hand       |       |       |       |     3 |     6 ||     9
  Use: Scroll            |       |       |     9 |     6 |     4 ||    19
       Potion            |       |       |       |       |    18 ||    18
 Stab: Sleeping          |     1 |       |       |       |       ||     1
  Eat: Chunk             |     1 |     7 |     7 |    18 |     6 ||    39
       Bread ration      |       |       |     2 |     2 |     2 ||     6
       Royal jelly       |       |       |       |     1 |       ||     1
